 Dungeon Crawl Stone Soup version 0.31-a0-229-g1fc7ce93e2 (webtiles) character file.

Game seed: 7993100697404624690

490 qw the Shooter (level 6, -3/52 HPs)
             Began as a Minotaur Hexslinger on July 6, 2023.
             Was an Initiate of Okawaru.
             Slain by Edmund
             ... wielding a +5 flail of protection
              (7 damage)
             ... on level 4 of the Dungeon.
             The game lasted 00:01:29 (3716 turns).

qw the Shooter (Minotaur Hexslinger)                Turns: 3716, Time: 00:01:29

Health: -3/52      AC:  9    Str: 12    XL:     6   Next: 90%
Magic:  6/6        EV: 11    Int: 10    God:    Okawaru [......]
Gold:   183        SH:  0    Dex: 21    Spells: 6/7 levels left

rFire   . . .        Y - +3 sling
rCold   . . .        (no shield)
rNeg    . . .        e - +0 ring mail
rPois   .            (helmet restricted)
rElec   .            m - +0 cloak
rCorr   .            l - +2 pair of gloves
SInv    .            (no boots)
Will    .....        (no amulet)
Stlth   +            f - +6 ring of dexterity
HPRegen 0.28/turn    (no ring)
MPRegen 0.10/turn

%: no passive effects
@: no status effects
A: horns 2, retaliatory headbutt
a: Renounce Religion


You were on level 4 of the Dungeon.
You worshipped Okawaru.
Okawaru was noncommittal.
You visited 1 branch of the dungeon, and saw 5 of its levels.

You collected 183 gold pieces.


Innate Abilities, Weirdness & Mutations

You have a pair of horns on your head.
You reflexively headbutt those who attack you in melee.


   Skills:
 - Level 4.1 Fighting
 - Level 7.0 Ranged Weapons
 - Level 2.0 Armour
 + Level 2.2 Dodging
 - Level 1.0 Spellcasting
 - Level 2.0 Hexes


You had 6 spell levels left.
You knew the following spells:

 Your Spells              Type           Power      Damage    Failure   Level
a - Slow                  Hex            16%        N/A       32%         1

Your spell library contained the following spells:

 Spells                   Type           Power      Damage    Failure   Level
 Inner Flame              Hex/Fire       2%         N/A       83%         3
 Portal Projectile        Hex/Tloc       4%         N/A       83%         3
 Cause Fear               Hex            2%         N/A       97%         4

Inventory:

Hand Weapons
 Y - a +3 sling (weapon)
Armour
 e - a +0 ring mail (worn)
 l - a +2 pair of gloves (worn)
 m - a +0 cloak (worn)
Jewellery
 d - a ring of fire
 f - a +6 ring of dexterity (left hand)
Wands
 i - a wand of digging (7)
Scrolls
 a - a scroll of identify
Potions
 g - a potion of cancellation
 h - a potion of haste
 j - a potion of resistance {unknown}
 k - a potion of lignification {unknown}

Dungeon Overview and Level Annotations

Branches:
Dungeon (5/15)
 Temple: D:4-7

Altars:
Dithmenos
Okawaru
Sif Muna

Shops:
D:1 :

Annotations:
D:4 3 runed translucent doors, Edmund; qw's ghost, amateur MiHs
D:5 Eustachio


Message History

Enter note:
Enter note:
Enter note:
Enter note:
Enter note:
Enter note:
Enter note:
Enter note: You shoot a sling bullet.
The sling bullet hits the jackal.
You kill the jackal!
Okawaru accepts your kill. The jackal closely misses you.
Edmund hits you with a +5 flail of protection!
The jackal closely misses you.
You shoot a sling bullet. The sling bullet hits Edmund.
Edmund is lightly wounded.
Edmund hits you with a +5 flail of protection.
The jackal barely misses you.
Edmund hits you with a +5 flail of protection.
You shoot a sling bullet. The sling bullet hits Edmund.
Edmund is lightly wounded.
The jackal barely misses you. The jackal bites you.
Edmund hits you with a +5 flail of protection!
You shoot a sling bullet. The sling bullet hits Edmund.
Edmund is moderately wounded.
The jackal closely misses you. You furiously retaliate!
You headbutt the jackal.
You kill the jackal!
Edmund hits you with a +5 flail of protection.
You shoot a sling bullet.
The sling bullet hits Edmund but does no damage.
Edmund is moderately wounded.
You feel your willpower return.
Edmund hits you with a +5 flail of protection.
You shoot a sling bullet. The sling bullet hits Edmund.
Edmund is heavily wounded.
Edmund hits you but does no damage.
You shoot a sling bullet. The sling bullet hits Edmund.
Edmund is heavily wounded.
Edmund hits you with a +5 flail of protection!
You die...

...# ###'### #...#
##..~.~~~~~~~ ...###
#.#
#######........~~~.
.....###.#
#...##....######.#
...#.....#
#.#.#....># #..
#######..#
#.#...#...# ####.#
##.#######...###...#
#....# #...........#
##### #.####
########%%#.# #.###
#@@#.# #...# ####.#
###.# #.# #...#
#%#########.###
#...........#
#############


You could see Edmund.

Vanquished Creatures
  An orc priest (D:4)
  Terence (D:2)
  A sleepcap (D:4)
  Natasha (D:4)
  An iguana (D:4)
  5 orc wizards
  6 gnolls
  5 adders
  2 dart slugs
  15 orcs
  9 ball pythons
  11 bats
  10 endoplasms
  4 giant cockroaches
  8 goblins
  7 hobgoblins
  3 jackals
  12 kobolds
  3 quokkas
  5 frilled lizards
  9 rats
119 creatures vanquished.

Notes
Turn   | Place    | Note
-------+----------+-------------------------------------------
     0 | D:1      | qw the Minotaur Hexslinger began the quest for the Orb.
     0 | D:1      | Reached XP level 1. HP: 16/16 MP: 1/1
     0 | D:1      | 0 ||| qw: Version: 0.3-a-46-gb1f654a
     0 | D:1      | 0 ||| qw: Game counter: 1369
     0 | D:1      | 0 ||| qw: Melee chars always use a shield: true
     0 | D:1      | 0 ||| qw: God list: Okawaru
     0 | D:1      | 0 ||| qw: Allow faded altars: false
     0 | D:1      | 0 ||| qw: Do Orc after clearing Dungeon:15 true
     0 | D:1      | 0 ||| qw: Do second Lair branch before Depths: true
     0 | D:1      | 0 ||| qw: Lair rune preference: random
     0 | D:1      | 0 ||| qw: Goals: Normal
     0 | D:1      | 0 ||| PLANNING D:1-11
   110 | D:1      | Reached skill level 3 in Ranged Weapons
   110 | D:1      | Reached XP level 2. HP: 23/23 MP: 2/2
   392 | D:1      | Found Tumuwn's Book Shop.
   401 | D:1      | 401 ||| UPGRADING to +1 pair of gloves.
   471 | D:1      | Reached XP level 3. HP: 29/29 MP: 3/3
   882 | D:1      | 882 ||| DROPPING amulet of magic regeneration.
   883 | D:1      | 883 ||| UPGRADING to +6 ring of dexterity.
   884 | D:1      | 884 ||| READING scroll labelled DINOMN MOUBB.
   885 | D:1      | 885 ||| DROPPING scroll of poison.
   987 | D:2      | Reached skill level 4 in Ranged Weapons
  1024 | D:2      | Reached XP level 4. HP: 32/36 MP: 4/4
  1068 | D:2      | Noticed Terence
  1077 | D:2      | Killed Terence
  1078 | D:2      | Reached skill level 5 in Ranged Weapons
  1310 | D:2      | 1310 ||| FLEEEEING.
  1311 | D:2      | 1311 ||| FLEEEEING.
  1407 | D:2      | Reached skill level 3 in Fighting
  1407 | D:2      | Reached XP level 5. HP: 45/45 MP: 5/5
  1822 | D:2      | 1822 ||| UPGRADING to +0 leather armour.
  1832 | D:2      | 1832 ||| DROPPING +0 robe.
  1833 | D:2      | 1833 ||| UPGRADING to +2 pair of gloves.
  1843 | D:2      | 1843 ||| DROPPING +1 pair of gloves.
  1844 | D:2      | 1844 ||| UPGRADING to +0 cloak.
  1849 | D:2      | 1849 ||| READING scroll labelled USINOT QEAT.
  1850 | D:2      | 1850 ||| READING 3 scrolls labelled KIUDEG TETIEHY.
  1851 | D:2      | 1851 ||| DRINKING 2 golden potions.
  1852 | D:2      | 1852 ||| DROPPING 2 scrolls of fear.
  1975 | D:3      | Reached skill level 1 in Armour
  2070 | D:3      | Found a shadowy altar of Dithmenos.
  2448 | D:3      | 2448 ||| READING scroll of enchant weapon.
  2448 | D:3      | 2448 ||| ENCHANTING +2 sling.
  2637 | D:3      | 2637 ||| UPGRADING to +0 ring mail.
  2647 | D:3      | 2647 ||| DROPPING +0 leather armour.
  2648 | D:3      | 2648 ||| READING scroll labelled OMMOVA YSARPHO.
  2649 | D:3      | 2649 ||| DRINKING 2 amethyst potions.
  2650 | D:3      | 2650 ||| DRINKING 2 bubbling emerald potions.
  2651 | D:3      | 2651 ||| READING 2 scrolls of identify.
  2651 | D:3      | 2651 ||| IDENTIFYING glowing white potion
  2652 | D:3      | 2652 ||| DROPPING potion of berserk rage.
  2671 | D:4      | 2671 ||| STAIRDANCE
  2726 | D:4      | Reached skill level 6 in Ranged Weapons
  2726 | D:4      | 2726 ||| STAIRDANCE
  2728 | D:3      | 2728 ||| DRINKING potion of curing.
  2728 | D:3      | 2728 ||| (to cure confusion)
  2737 | D:3      | Reached XP level 6. HP: 32/51 MP: 6/6
  3015 | D:4      | Found an iron altar of Okawaru.
  3016 | D:4      | 3016 ||| PLANNING OKAWARU WORSHIP
  3074 | D:4      | Became a worshipper of Warmaster Okawaru
  3075 | D:4      | 3075 ||| PLANNING D:1-11
  3086 | D:4      | Reached skill level 7 in Ranged Weapons
  3093 | D:4      | Noticed Natasha
  3097 | D:4      | Killed Natasha
  3131 | D:4      | Found a runed translucent gate.
  3132 | D:4      | Found a runed translucent gate.
  3132 | D:4      | Noticed qw's ghost (amateur MiHs)
  3133 | D:4      | Found a runed translucent gate.
  3579 | D:4      | Found a shimmering blue altar of Sif Muna.
  3673 | D:4      | 3673 ||| READING scroll labelled OSHREL KIMI.
  3674 | D:4      | 3674 ||| READING scroll labelled APRIMUA CAPRA.
  3702 | D:5      | Entered Level 5 of the Dungeon
  3702 | D:5      | Noticed Edmund
  3704 | D:5      | Noticed Eustachio
  3708 | D:5      | 3708 ||| STAIRDANCE
  3712 | D:4      | HP: 12/52 [Edmund/+5 flail of protection (7)]
  3714 | D:4      | HP: 3/52 [Edmund/+5 flail of protection (3)]
  3716 | D:4      | Slain by Edmund

Levels and vault maps discovered:
D:1:      lemuel_arrival_lava_pool, layout_basic, serial_shops, shop,
          reono_crystal_passage, serial_bayou_lake_a
D:2:      minmay_inner_zag, layout_basic, uniq_terence
D:3:      layout_basic, nicolae_dithmenos_through_a_glass_darkly,
          minmay_misc_feat_more_columns
D:4:      layout_basic, kennysheep_little_box, nicolae_overflow_hidden_temple,
          gammafunk_ghost_nasty_kobolds, chequers_serial_rivers_large_a,
          uniq_natasha
D:5:      layout_layer_cave, minmay_temple_entry_gardened_gates, serial_shops,
          shop_scrolls, nicolae_shop_statue_plus, uniq_pikel, uniq_eustachio,
          uniq_edmund

Skill      XL: |  1  2  3  4  5  6 |
---------------+-------------------+-----
Ranged Weapons | 3 4 5 6 7 |  7.0
Fighting       | 2 3 4 |  4.1
Armour         | 1 2 |  2.0
Dodging        | |  2.2
Spellcasting   | |  1.0
Hexes          | |  2.0

Action                     |  1- 3 |  4- 6 || total
---------------------------+-------+-------++-------
   Fire: Sling             |    93 |   244 ||   337
    Use: Scroll            |     1 |     7 ||     8
         Potion            |       |     4 ||     4
 Armour: Robe              |     7 |    13 ||    20
         Ring mail         |       |    56 ||    56
         Leather armour    |       |    11 ||    11
  Dodge: Dodged            |    22 |    74 ||    96

Table legend:
 A = Non-vault XP
 B = Vault XP
 C = Vault XP percentage of total XP
 D = Non-vault monster count
 E = Vault monster count
 F = Vault count percentage of total count
                 A         B        C        D         E       F
            +---------+---------+-------+---------+---------+-------
      Total |     624 |      77 |  11.0 |     113 |       6 |   5.0
            +---------+---------+-------+---------+---------+-------
        D:1 |      49 |       0 |   0.0 |      29 |       0 |   0.0
        D:2 |     115 |      42 |  26.8 |      24 |       5 |  17.2
        D:3 |     178 |       0 |   0.0 |      32 |       0 |   0.0
        D:4 |     280 |      35 |  11.1 |      27 |       1 |   3.6
        D:5 |       2 |       0 |   0.0 |       1 |       0 |   0.0
            +---------+---------+-------+---------+---------+-------
